Map: Persephone LE

Players

Reynor

  • Race: Zerg Zerg
  • Spawn Location: 11:00

Maru - Winner!

  • Race: Terran Terran
  • Spawn Location: 7:00

Event: Esports World Cup 2025

VOD

Have the link to the VOD?

Description

Time

  • Played on: July 23, 2025, 9:12 a.m.
  • Length: 11:53

All games in this series

Show
View Real Time Build Order
Export as new Build Order

Reynor Zerg 

Build Orders: Hatch First, Roach Hydra 

Get SALT Encoding   

  12  0:00  Drone  
  13  0:08  Drone  
  14  0:14  Drone, Extractor  
  15  0:22  Overlord  
  15  0:40  Drone  
  16  0:45  Hatchery  
  16  0:49  Drone  
  16  0:52  Drone  
  16  0:56  Drone  
  18  1:06  Extractor  
  17  1:12  Spawning Pool  
  17  1:14  Drone  
  17  1:17  Drone  
  18  1:26  Drone  
  19  1:37  Drone  
  20  1:47  Drone  
  21  1:58  Queen x2  
  21  1:59  Zergling x4  
  27  2:07  Drone  
  28  2:09  Overlord  
  28  2:19  Hatchery  
  28  2:22  Drone  
  28  2:28  Drone  
  29  2:30  Spore Crawler  
  29  2:31  Drone  
  29  2:34  Drone  
  31  2:40  Queen  
  33  2:44  Overlord  
  33  2:46  Drone  
  34  2:51  Metabolic Boost  
  34  2:53  Drone  
  34  2:56  Drone  
  36  3:04  Queen  
  38  3:07  Overlord  
  38  3:10  Drone  
  38  3:11  Drone  
  40  3:14  Drone  
  40  3:17  Overlord  
  41  3:20  Drone  
  41  3:21  Drone  
  41  3:23  Drone  
  44  3:28  Queen  
  44  3:30  Drone  
  44  3:32  Drone  
  48  3:34  Drone  
  49  3:41  Queen  
  49  3:42  Drone  
  49  3:44  Drone  
  49  3:47  Overlord  
  53  3:52  Zergling x6  
  56  3:57  Queen  
  56  4:00  Overlord  
  58  4:03  Drone x2  
  58  4:05  Drone  
  58  4:07  Drone  
  58  4:09  Overlord  
  62  4:13  Drone x3  
  62  4:16  Overlord  
  65  4:17  Drone  
  65  4:19  Drone  
  67  4:25  Roach Warren  
  67  4:28  Lair  
  67  4:29  Drone x2  
  68  4:32  Zergling x2  
  68  4:36  Zergling x6  
  68  4:37  Drone  
  68  4:38  Drone  
  74  4:40  Overlord  
  74  4:42  Drone  
  74  4:43  Drone  
  75  4:46  Queen  
  75  4:49  Zergling x2  
  78  4:52  Extractor, Spore Crawler  
  78  4:53  Drone, Spore Crawler  
  78  4:55  Drone x2  
  78  4:57  Drone  
  78  4:58  Drone  
  80  5:00  Zergling x2  
  80  5:03  Zergling x2  
  84  5:07  Zergling x4  
  84  5:13  Evolution Chamber  
  79  5:14  Zergling x8  
  79  5:17  Evolution Chamber  
  79  5:18  Zergling x4  
  80  5:24  Zergling x4  
  79  5:28  Drone  
  79  5:32  Drone  
  78  5:37  Drone x2  
  78  5:39  Drone  
  78  5:40  Drone x2  
  80  5:48  Drone  
  80  5:49  Drone  
  82  5:50  Extractor  
  82  5:52  Glial Reconstitution  
  82  5:53  Drone, Evolution Chamber  
  82  5:56  Drone  
  82  6:01  Roach x2  
  86  6:07  Extractor  
  86  6:08  Overlord  
  86  6:11  Drone  
  86  6:12  Hatchery  
  86  6:15  Drone x2  
  86  6:16  Drone x5  
  86  6:17  Burrow  
  92  6:19  Overlord  
  92  6:22  Roach  
  92  6:23  Overlord  
  94  6:26  Extractor x2  
  94  6:31  Roach  
  94  6:34  Overlord  
  94  6:35  Roach  
  94  6:36  Drone  
  94  6:37  Drone  
  94  6:38  Zerg Missile Weapons Level 1  
  97  6:40  Drone  
  97  6:42  Roach  
  97  6:46  Zergling x12, Roach  
  105  6:49  Overlord  
  105  6:57  Roach x2  
  105  7:00  Drone  
  110  7:02  Infestation Pit  
  110  7:05  Roach x4  
  117  7:10  Overlord  
  117  7:12  Drone  
  117  7:14  Roach x6  
  130  7:18  Overlord  
  130  7:20  Overlord  
  130  7:22  Overlord  
  130  7:26  Roach  
  130  7:29  Drone  
  133  7:31  Roach  
  133  7:32  Drone  
  133  7:33  Drone, Tunneling Claws  
  133  7:34  Drone x2  
  139  7:38  Roach  
  139  7:40  Hive  
  139  7:41  Roach  
  139  7:42  Overlord  
  139  7:43  Hydralisk Den  
  142  7:44  Zergling x10  
  142  7:50  Drone x3  
  147  7:56  Drone  
  148  7:58  Drone x2  
  148  7:59  Drone  
  148  8:01  Extractor  
  148  8:02  Overlord, Extractor  
  148  8:03  Drone x2  
  151  8:06  Drone  
  151  8:07  Drone x2  
  151  8:09  Roach  
  156  8:13  Roach x5  
  156  8:16  Muscular Augments  
  156  8:18  Overlord  
  166  8:24  Drone x3  
  163  8:34  Hydralisk x4  
  163  8:38  Drone x3  
  163  8:39  Hatchery  
  168  8:41  Roach  
  168  8:43  Hydralisk x2  
  168  8:47  Overlord  
  169  8:57  Hydralisk x4  
  169  8:59  Roach x2  
  169  9:01  Overlord  
  176  9:05  Roach  
  176  9:08  Hydralisk x4, Roach x5  
  176  9:09  Viper  
  180  9:10  Viper x2  
  180  9:14  Roach x7  
  189  9:17  Zerg Missile Weapons Level 2  
  189  9:20  Drone x5, Hydralisk, Grooved Spines  
  189  9:21  Hydralisk  
  194  9:24  Overlord  
  194  9:28  Hatchery, Roach x3  
  194  9:30  Overlord, Roach  
  187  9:35  Roach x4  
  187  9:38  Viper  
  187  9:40  Roach x6  
  187  9:44  Spine Crawler  
  187  9:45  Spine Crawler  
  184  9:49  Viper  
  187  9:54  Drone x10  
  187  9:59  Viper  
  195  10:04  Evolution Chamber  
  197  10:08  Spine Crawler  
  197  10:11  Overlord  
  192  10:14  Hydralisk  
  192  10:15  Hydralisk x3  
  198  10:26  Hydralisk x6  
  199  10:33  Overlord  
  199  10:35  Zergling x2  
  172  10:43  Hydralisk x4  
  172  10:44  Zergling x12  
  172  10:46  Roach x6  
  172  10:49  Hydralisk  
  149  10:50  Hydralisk  
  149  10:55  Roach  
  141  10:57  Roach  
  141  10:58  Roach  
  141  11:02  Roach x3  
  141  11:03  Roach  
  141  11:04  Roach  
  141  11:07  Roach, Viper  
  141  11:08  Roach x2  
  141  11:10  Roach  
  141  11:13  Roach x2  
  141  11:17  Roach  
  141  11:18  Zergling x2  
  130  11:20  Roach x2  
  130  11:21  Hydralisk, Roach x4  
  130  11:24  Hydralisk  
  120  11:28  Hydralisk x4  
Show
View Real Time Build Order
Export as new Build Order

Maru Terran - Winner!

Build Orders: 2 Factory, Hellion Opening, Reaper Expand, Mech 

Get SALT Encoding   

  12  0:00  SCV  
  13  0:12  SCV  
  14  0:17  Supply Depot  
  14  0:24  SCV  
  15  0:38  SCV  
  15  0:40  Barracks  
  16  0:42  Refinery  
  16  0:50  SCV  
  17  1:03  SCV  
  18  1:15  SCV  
  19  1:27  Orbital Command, Reaper  
  20  1:38  Command Center  
  20  1:49  Supply Depot  
  20  1:52  SCV  
  21  1:59  Marine  
  22  2:04  SCV  
  23  2:12  Factory  
  23  2:17  SCV  
  25  2:25  Barracks Reactor  
  25  2:29  SCV  
  25  2:38  Command Center  
  25  2:41  SCV  
  26  2:50  Orbital Command  
  26  2:53  SCV  
  26  2:56  Factory  
  27  3:05  SCV  
  28  3:09  Hellion x2  
  32  3:15  SCV  
  32  3:17  SCV  
  34  3:23  Marine  
  35  3:28  SCV  
  35  3:29  SCV  
  35  3:30  Hellion  
  35  3:31  Hellion  
  35  3:33  Factory  
  41  3:40  Hellion, SCV  
  44  3:43  Refinery, SCV  
  44  3:45  Barracks Tech Lab  
  45  3:51  Orbital Command  
  45  3:52  SCV  
  48  3:55  Hellion  
  48  3:57  Hellion  
  48  4:01  SCV  
  51  4:03  Supply Depot  
  51  4:04  Hellion  
  51  4:06  SCV  
  54  4:13  SCV  
  54  4:15  Orbital Command  
  57  4:17  Hellion  
  57  4:18  Hellion, SCV  
  57  4:21  Refinery  
  60  4:25  Hellion, SCV  
  60  4:27  Supply Depot  
  60  4:29  Hellion  
  65  4:33  SCV  
  65  4:37  SCV  
  67  4:38  Barracks Tech Lab  
  67  4:43  SCV  
  67  4:45  SCV  
  69  4:48  Hellion  
  69  4:49  Hellion  
  69  4:50  Hellion  
  77  4:54  Supply Depot  
  77  4:59  SCV x2  
  77  5:08  Factory  
  77  5:09  Factory, SCV  
  77  5:11  Hellion, SCV  
  77  5:13  SCV  
  74  5:18  Cyclone  
  77  5:21  SCV  
  77  5:22  Mag-Field Accelerator  
  77  5:23  SCV  
  77  5:25  SCV  
  83  5:28  Cyclone, Hellion  
  83  5:33  Refinery  
  83  5:34  SCV  
  78  5:35  Refinery, SCV  
  78  5:36  Supply Depot  
  78  5:37  SCV  
  75  5:44  Hellion  
  75  5:46  SCV  
  75  5:48  SCV  
  75  5:49  SCV  
  76  5:54  Cyclone, Factory Tech Lab x2  
  79  5:58  SCV  
  79  5:59  Supply Depot  
  79  6:00  SCV  
  79  6:01  SCV  
  82  6:04  Supply Depot  
  82  6:06  Armory  
  82  6:10  Cyclone, SCV  
  86  6:12  SCV  
  86  6:13  Cyclone, Supply Depot, SCV  
  91  6:21  Cyclone  
  91  6:22  SCV  
  91  6:24  SCV  
  96  6:25  SCV  
  96  6:26  Supply Depot  
  96  6:30  Cyclone  
  96  6:32  Supply Depot  
  100  6:34  SCV  
  100  6:36  SCV  
  100  6:38  SCV  
  103  6:42  Cyclone  
  103  6:46  Cyclone, SCV  
  110  6:47  Supply Depot  
  110  6:48  SCV  
  110  6:50  SCV  
  112  6:58  Command Center, Terran Vehicle And Ship Armor Level 1, SCV  
  113  7:01  Cyclone  
  113  7:02  Cyclone  
  113  7:05  Refinery  
  113  7:08  SCV  
  120  7:12  Hellion  
  120  7:13  Hellion  
  120  7:14  Cyclone  
  127  7:16  Supply Depot, SCV x2  
  127  7:20  SCV  
  130  7:25  Barracks  
  130  7:27  Factory  
  130  7:28  SCV  
  130  7:29  Hellion  
  133  7:34  Hellion  
  135  7:39  SCV x2  
  135  7:40  Factory  
  135  7:42  Hellion x2  
  135  7:43  Factory  
  141  7:52  Siege Tank x3  
  141  7:57  Supply Depot, Infernal Pre-Igniter  
  148  8:02  Armory  
  148  8:03  SCV  
  149  8:09  SCV x2  
  151  8:15  Command Center  
  151  8:20  Factory Reactor  
  151  8:21  SCV  
  150  8:28  Siege Tank x3  
  150  8:30  Factory Tech Lab  
  150  8:32  Factory Tech Lab  
  159  8:36  Orbital Command  
  159  8:37  Refinery, Engineering Bay  
  159  8:38  Refinery, SCV x2  
  161  8:44  Siege Tank  
  161  8:47  Supply Depot  
  164  8:50  Terran Vehicle Weapons Level 1  
  164  8:56  SCV  
  164  8:57  Engineering Bay, SCV x2  
  164  8:59  Cyclone  
  169  9:08  Cyclone x2  
  169  9:09  Hellion x3, SCV  
  172  9:17  Missile Turret  
  172  9:20  SCV  
  172  9:26  SCV  
  172  9:30  Cyclone x3  
  177  9:32  SCV  
  177  9:33  SCV  
  177  9:37  Missile Turret  
  177  9:43  SCV x2  
  177  9:44  Cyclone x2  
  177  9:45  Hellion  
  187  9:49  Missile Turret  
  187  9:54  Cyclone  
  187  9:57  Command Center  
  190  10:02  Cyclone  
  195  10:07  Hellbat  
  195  10:29  Siege Tank  
  195  10:30  Siege Tank  
  195  10:31  Cyclone  
  195  10:39  Hellbat  
  195  10:40  Cyclone  
  195  10:41  Cyclone x2, Hellbat  
  191  10:47  Planetary Fortress  
  191  10:49  Refinery x2  
  164  10:50  Command Center, Hellbat  
  164  10:56  Hellbat  
  160  11:01  Hellbat, Siege Tank  
  160  11:02  Siege Tank  
  160  11:03  Cyclone, Hellbat  
  160  11:04  Command Center  
  158  11:10  SCV  
  156  11:13  Cyclone, Hellbat, Siege Tank x2  
  156  11:17  Hellbat  
  161  11:22  Hellbat  
  157  11:25  Factory  
  157  11:29  Hellbat  
  179  11:48  Factory  
Tags
 
Add a new tag
Caveats
  • Supply blocks, unpowered buildings, or Contaminate may cause inaccurate times.
  • Supply counts are checked every 10 seconds.